AoeStats
← totonois

Hideout

510008461Analyzed
1v1 RM · 5d ago on Sep 29, 2026· 29m 22s· 2 players
Game mode
Random Map
Map size
Tiny (2 player)
Population
200
Speed
Normal
Resources
Standard
Victory
Conquest
Starting age
Dark Age
Ending age
Imperial Age
RankedLock teamsTeams togetherTeam positionsShared explorationLock speedFull tech treeHidden civsTurbo modeCheats
Victory
Defeat
🇨🇴 Byzantines · Colombia
964
+15
🇺🇸 Slavs · United States
953
-15
moocowman
7:18 Loom
10:09 Feudal Age
10:12 Man-at-Arms
14:28 Double-Bit Axe
15:20 Scale Mail Armor
19:24 Castle Age
18:19 Horse Collar
18:50 Scale Barding Armor
18:58 Forging
21:12 Chain Barding Armor
21:25 Light Cavalry
22:49 Pikeman
26:17 Fletching
27:03 Bloodlines
totonois
11:35 Feudal Age
12:30 Loom
16:37 Castle Age
16:53 Fletching
17:43 Bodkin Arrow
22:10 Horse Collar
25:25 Ballistics
28:37 Double-Bit Axe
28:53 Heavy Plow
Connection lost

Rejoining the realm…

Still unreachable

The connection could not be restored.

Session expired

The server has moved on; the page needs a fresh start.